 Dungeon Crawl Stone Soup version 0.29-a0-214-g17f627cfee (webtiles) character file.

Game seed: 6900843945035895868

15128 spaghetti the Grappler (level 11, -3/80 HPs)
             Began as a Demonspawn Fighter on Feb 24, 2022.
             Was a High Priest of Ru.
             Slain by an orc warlord
             ... wielding a +0 great sword
              (27 damage)
             ... on level 2 of the Orcish Mines.
             The game lasted 00:22:13 (12951 turns).

spaghetti the Grappler (Demonspawn Fighter)        Turns: 12951, Time: 00:22:14

Health: -3/80      AC: 17    Str: 34      XL:     11   Next: 97%
Magic:  8/11       EV: 14    Int:  5 (6)  God:    Ru [*****.]
Gold:   557        SH:  4    Dex: 13      Spells: 10/10 levels left

rFire   . . .      SeeInvis .     - Unarmed
rCold   + . .      Faith    .   b - +0 buckler
rNeg    . . .      Spirit   .   a - +0 scale mail
rPois   .          Reflect  .   (helmet restricted)
rElec   .          Harm     .   t - +0 cloak of Yha Kam {Str+8 Int-4}
rCorr   .          Rampage  .   h - +2 pair of gloves
Will    .....      Clarity  +   m - +0 pair of boots
Stlth   ..........              (no amulet)
HPRegen 0.23/turn               v - +6 ring of strength
MPRegen 0.12/turn               q - +4 ring of evasion

@: exhausted
A: claws 2, rugged brown scales 2, frail 1, ignite blood 2, powered by death 1,
inability to train dodging, weak-willed 1, disrupted magic 1, antennae 1,
clarity, cold resistance 1, deterioration 1, wild magic 1
a: Renounce Religion, Sacrifice Arcana, Sacrifice Drink, Sacrifice an Eye,
Reject Sacrifices, Draw Out Power, Power Leap, Apocalypse


You were on level 2 of the Orcish Mines.
You worshipped Ru.
Ru was extremely pleased with you.
You visited 2 branches of the dungeon, and saw 13 of its levels.

You collected 557 gold pieces.


Innate Abilities, Weirdness & Mutations

You have very sharp fingernails.
You are mostly covered in rugged brown scales. (AC +2, +5% HP)
You are frail. (-10% HP)
Your demonic aura often causes spilled blood to erupt in flames.
You regenerate a little health from kills.
You cannot train Dodging skill.
You are slightly weak-willed. (Will-)
Your casting is slightly disrupted.
You have a pair of small antennae on your head.
You possess an exceptional clarity of mind.
Your flesh is cold resistant. (rC+)
Your body sometimes deteriorates upon taking damage.
Your spells are a little harder to cast, but a little more powerful.


   Skills:
 + Level 7.7 Fighting
 + Level 12.0 Armour
 - Level 2.6 Shields
 + Level 12.3 Unarmed Combat


You had 10 spell levels left.
You didn't know any spells.
Your spell library contained the following spells:

 Spells                   Type           Power      Damage    Failure   Level
 Sandblast                Erth           0%         2d4       87%         1
 Slow                     Hex            0%         N/A       87%         1
 Corpse Rot               Necr/Air       0%         N/A       95%         2
 Passwall                 Tmut/Erth      0%         N/A       95%         2
 Poisonous Vapours        Pois/Air       0%         N/A       95%         2
 Confusing Touch          Hex            0%         N/A       99%         3
 Stone Arrow              Conj/Erth      0%         3d7       99%         3
 Summon Guardian Golem    Hex/Summ       0%         N/A       99%         3
 Vampiric Draining        Necr           0%         2d6       99%         3
 Airstrike                Air            0%         N/A       100%        4
 Summon Lightning Spire   Summ/Air       0%         N/A       100%        4
 Lightning Bolt           Conj/Air       0%         1d11      100%        5
 Dispersal                Tloc           0%         N/A       100%        6
 Orb of Destruction       Conj           0%         9d5       100%        7
 Spellforged Servitor     Conj/Summ      0%         N/A       100%        7
 Disjunction              Tloc           0%         N/A       100%        8

Inventory:

Hand Weapons
 g - a +0 dagger {short}
   (You took it off a goblin on level 1 of the Dungeon)
 j - a +0 club {mace}
   (You took it off a goblin on level 1 of the Dungeon)
 l - a +0 dagger {short}
   (You found it on level 1 of the Dungeon)
Missiles
 d - 346 stones (quivered) {throwing}
 u - 5 throwing nets {=f!fthrowing}
 y - 5 datura-tipped darts {throwing}
 z - 7 silver javelins {throwing}
 B - 5 curare-tipped darts {=fthrowing}
 F - 10 poisoned darts {throwing}
 J - 5 boomerangs of dispersal {=f!fthrowing}
 O - 3 boomerangs {throwing}
Armour
 a - a +0 scale mail (worn)
 b - a +0 buckler (worn)
 h - a +2 pair of gloves (worn)
   (You found it on level 3 of the Dungeon)
 m - a +0 pair of boots (worn)
   (You found it on level 2 of the Dungeon)
 p - a +0 cloak
   (You found it on level 5 of the Dungeon)
 s - +0 steam dragon scales
   (You found it on level 6 of the Dungeon)
 t - the +0 cloak of Yha Kam (worn) {Str+8 Int-4}
   (You acquired it on level 6 of the Dungeon)

   Str:       It affects your strength (+8).
   Int:       It affects your intelligence (-4).
 D - a +1 scale mail of willpower
   (You found it on level 7 of the Dungeon)
 M - the +2 scale mail of Abboc {Fly rC++ Will+ Slay-3}
   (You found it on level 9 of the Dungeon)

   Slay:      It affects your accuracy & damage with ranged weapons and melee
   (-3).
   rC:        It greatly protects you from cold.
   Fly:       It grants you flight.
   Will:      It increases your willpower.
Magical Staves
 f - a staff of poison {!astaff}
   (You found it on level 7 of the Dungeon)
Jewellery
 q - a +4 ring of evasion (right hand)
   (You took it off a gnoll on level 5 of the Dungeon)
 v - a +6 ring of strength (left hand)
   (You found it on level 6 of the Dungeon)
 w - a +6 ring of intelligence
   (You found it on level 6 of the Dungeon)
Wands
 c - a wand of polymorph (6)
   (You found it on level 4 of the Dungeon)
 n - a wand of flame (25)
   (You took it off an orc priest on level 7 of the Dungeon)
 G - a wand of iceblast (3)
   (You took it off Harold on level 8 of the Dungeon)
 N - a wand of digging (7)
   (You found it on level 10 of the Dungeon)
Scrolls
 i - a scroll of enchant weapon
 o - a scroll of teleportation {@r4}
 r - 2 scrolls of immolation {!r!r}
 A - 2 scrolls of identify {@r1}
 I - a scroll of vulnerability {!r!r}
 K - a scroll of torment {!r}
 P - 2 scrolls of enchant armour
Potions
 e - 2 potions of curing {@q1}
 k - 2 potions of degeneration {!q@e2}
 x - 2 potions of might
 E - a potion of haste {@q3}
 H - a potion of mutation {!q}
Miscellaneous
 Q - a box of beasts (inert)
   (You found it on level 10 of the Dungeon)

Dungeon Overview and Level Annotations

Branches:
Dungeon (11/15)            Temple (0/1) D:6            Lair (0/6) D:9
    Orc (2/2) D:9
    Elf: Orc:2

Altars:
Ashenzari
Cheibriados
Hepliaklqana
Kikubaaqudgha
Okawaru
Ru
Sif Muna
Uskayaw
Vehumet
Wu Jian
Xom
The Shining One

Shops:
D:10 = Orc:2

[=
#................
#..................
##................
#......≈≈≈.......
##....≈≈≈≈≈......
#....≈≈∩≈≈.#...
##...≈≈.≈≈..#
###§o≈.≈...##
#..@...))..#
##.☼H)...)..###
#....(..#))...##
##..(#.#.......##
#.).##..)........
##.####.##.......
### ### ##...P.
#..o. ....


You could see an orc warlord (poisoned, ally target) and a friendly larval
batsting beast (summoned).


Message History

The orc warrior closely misses you. 😨 MP[-5]
You lost 5 mp, and now have 6/11 mp.
You hit the orc warrior but do no damage.
The orc warrior misses you.
The orc warlord roars a battlecry!
The orc warrior goes into a battle-frenzy!
Okay, then.
Okay, then.
The orc warrior barely misses you.
You see here a stone {throwing}.
You hit the orc warrior.
You kill the orc warrior!
You open the lid... ...and a larval batsting beast flies out!
The box is emptied!
The orc warlord shoots a bolt.
The bolt closely misses you. 😨 HP[+1]
The box of beasts is presently inert.
The box of beasts is presently inert.
Okay, then.
Okay, then.
Okay, then.
The orc warlord shoots a bolt.
You block the bolt. What are your orders? t - Shout!
Orders for allies: a - Attack new target. r - Retreat! s - Stop attacking. g - Guard the area. f - Follow me.
Anything else - Cancel.
Gang up on whom?
Press: ? - help, Dir - move target, f - orc warlord
Aim: an orc warlord, wielding a +0 arbalest and wearing a +0 plate armour (ally target) Attack!
The orc warlord shoots a bolt.
You block the bolt.
Okay, then.
Your larval batsting beast stings the orc warlord from afar.
The orc warlord is poisoned.
Your larval batsting beast poisons the orc warlord!
Your larval batsting beast hits the orc warlord but does no damage.
Your larval batsting beast stings the orc warlord. 😨 HP[+1] MP[+1]
Your larval batsting beast hits the orc warlord.
Your larval batsting beast stings the orc warlord but does no damage.
The orc warlord shoots a bolt.
The bolt hits you!!
* * * LOW HITPOINT WARNING * * *
Your larval batsting beast hits the orc warlord!
Your larval batsting beast stings the orc warlord but does no damage.
You see here a stone {throwing}. 😱 HP[-30]
You take 30 damage, and now have 9/80 hp.
MASSIVE DAMAGE!! (PAUSE)
Okay, then.
Okay, then.
Okay, then.
You feel much better.
Your larval batsting beast hits the orc warlord.
Your larval batsting beast stings the orc warlord but does no damage.
The orc warlord is engulfed in blazing flames.
The orc warlord shoots a bolt.
The bolt closely misses you.
Your larval batsting beast hits the orc warlord but does no damage.
Your larval batsting beast barely misses the orc warlord. 😨 HP[+31]
You regained 31 hp, and now have 40/80 hp.
Your larval batsting beast barely misses the orc warlord.
Your larval batsting beast stings the orc warlord but does no damage.
The orc warlord is engulfed in blazing flames.
The orc warlord shoots a bolt.
The bolt barely misses you.
Your larval batsting beast closely misses the orc warlord.
Your larval batsting beast stings the orc warlord but does no damage.
Your larval batsting beast hits the orc warlord!
Your larval batsting beast stings the orc warlord but does no damage.
The orc warlord is engulfed in blazing flames.
The orc warlord unwields a +0 arbalest.
The orc warlord wields a +0 great sword.
The orc warlord barely misses you. 😮 HP[+1]
You hit the orc warlord.
Your larval batsting beast stings the orc warlord but does no damage.
The orc warlord misses you.
You closely miss the orc warlord.
Your larval batsting beast barely misses the orc warlord.
Your larval batsting beast stings the orc warlord but does no damage.
Ru believes you are ready to make a new sacrifice.
You completely miss the orc warlord.
Your larval batsting beast stings the orc warlord from afar.
The orc warlord closely misses you.
You hit the orc warlord.
Your larval batsting beast stings the orc warlord but does no damage.
The orc warlord hits you with a +0 great sword!
* * * LOW HITPOINT WARNING * * *
Your larval batsting beast is engulfed in blazing flames.
Your larval batsting beast completely misses the orc warlord. 😨 HP[-17]
You take 17 damage, and now have 24/80 hp.
MASSIVE DAMAGE!! (PAUSE)
You hit the orc warlord.
Your larval batsting beast is engulfed in blazing flames.
Your larval batsting beast stings the orc warlord but does no damage.
The orc warlord is engulfed in blazing flames.
The orc warlord hits you with a +0 great sword!!
You die...

Skill      XL: |  1  2  3  4  5  6  7  8  9 10 11 |
---------------+----------------------------------+-----
Unarmed Combat | 2 3 4 5 6 8 9 11 12 | 12.3
Armour         | 3 4 6 7 9 10 12 | 12.0
Fighting       | 5 7 |  7.7
Shields        | |  2.6

Action                   |  1- 3 |  4- 6 |  7- 9 | 10-12 || total
-------------------------+-------+-------+-------+-------++-------
Melee: Unarmed           |   171 |   155 |   250 |   325 ||   901
Throw: Stone             |       |       |     5 |     4 ||     9
Invok: Sacrifice Health  |     1 |       |       |       ||     1
       Sacrifice Essence |       |     1 |       |     1 ||     2
       Sacrifice Nimblen |       |       |     1 |       ||     1
       Power Leap        |       |       |       |     2 ||     2
Evoke: Wand              |       |       |     5 |       ||     5
       Box of beasts     |       |       |       |     1 ||     1
  Use: Scroll            |     2 |     3 |     5 |     4 ||    14
       Potion            |       |     5 |     5 |     4 ||    14
 Stab: Invisible         |       |       |     2 |     6 ||     8
       Distracted        |       |       |     1 |     1 ||     2
       Paralysed         |       |       |       |     4 ||     4
Armor: Scale mail        |    89 |    64 |   141 |   124 ||   418
Dodge: Dodged            |    69 |    70 |   110 |   246 ||   495
Block: Buckler           |    29 |    23 |    58 |    49 ||   159

Levels and vault maps discovered:
D:1:      dpeg_arrival_stone_temple_mockup, layout_loops_corners,
          shapermc_ecumenical_altar_flowoftime, nicolae_wormholes
D:2:      layout_rooms, minmay_hexomino_p4
D:3:      layout_loops_ring, overflow_temple_1_default,
          nicolae_uskayaw_suspiria, marbit_many_paths
D:4:      layout_loops_corners, minmay_misc_feat_tower, kennysheep_small_square
D:5:      layout_loops_corners, mainiacjoe_overflow_alcove_1,
          gup_sewer_entry_glass
D:6:      layout_basic, minmay_temple_entry_antechambers
D:7:      layout_rooms, mainiacjoe_overflow_concentric_impassable, uniq_pikel,
          uniq_maggie, uniq_duvessa
D:8:      layout_basic, slow_altar_2, kennysheep_small_circle, uniq_psyche,
          uniq_harold
D:9:      layout_roguey, mainiacjoe_overflow_chevrons, lemuel_round_altar,
          nicolae_kikubaaqudgha_miasma_corner, vehumet_crystals,
          grunt_temple_overflow_open, david_lair_shrubbed, corexii_corridor_pit,
          kennysheep_generic_room_16
D:10:     layout_layer_cave, serial_shops, nicolae_square_shop
D:11:     layout_loops_cross, enter_trove_5
Orc:1:    layout_caves, uniq_fannar
Orc:2:    grunt_orc_gardens, layout_caves, grunt_orc_garden, grunt_orc_garden,
          grunt_orc_garden, grunt_orc_garden, serial_shops,
          nicolae_shop_waterfront, minmay_orc_keep

Notes
Turn   | Place    | Note
-------+----------+-------------------------------------------
     0 | D:1      | spaghetti the Demonspawn Fighter began the quest for the
                  | Orb.
     0 | D:1      | Reached XP level 1. HP: 18/18 MP: 1/1
     0 | D:1      | magus.rc [v1.9.6]
   112 | D:1      | Reached skill level 2 in Unarmed Combat
   244 | D:1      | You pick up a book of Geomancy and begin reading...
   244 | D:1      | You add the spells Sandblast, Passwall and Stone Arrow to
                  | your library.
   348 | D:1      | Gained mutation: You have sharp fingernails. [demonic
                  | ancestry]
   348 | D:1      | Reached XP level 2. HP: 23/24 MP: 2/2
   519 | D:1      | Found a faded altar of an unknown god.
   646 | D:1      | Prayed at the altar of an unknown god.
   646 | D:1      | Became a worshipper of Ru the Awakened
   649 | D:1      | Gained mutation: You are frail. (-10% HP) [Ru sacrifice]
   649 | D:1      | Reached * piety under Ru
   649 | D:1      | Reached ** piety under Ru
   911 | D:1      | Reached skill level 3 in Unarmed Combat
  1023 | D:1      | Gained mutation: Your demonic aura sometimes causes spilled
                  | blood to erupt in flames. [demonic ancestry]
  1023 | D:1      | Reached XP level 3. HP: 26/26 MP: 3/3
  2183 | D:3      | Reached XP level 4. HP: 31/31 MP: 4/4
  2314 | D:3      | Reached skill level 3 in Armour
  2314 | D:3      | Reached skill level 4 in Unarmed Combat
  2374 | D:3      | Found a hazy altar of Hepliaklqana.
  2496 | D:3      | Found a hide-covered altar of Uskayaw.
  2781 | D:4      | Reached XP level 5. HP: 14/36 MP: 5/5
  3382 | D:4      | Gained mutation: You are slightly weak-willed. (Will-) [Ru
                  | sacrifice]
  3382 | D:4      | Reached *** piety under Ru
  3618 | D:5      | Entered Level 5 of the Dungeon
  3742 | D:5      | Found a shimmering blue altar of Sif Muna.
  3770 | D:5      | Reached skill level 4 in Armour
  3777 | D:5      | Gained mutation: Your demonic aura often causes spilled
                  | blood to erupt in flames. [demonic ancestry]
  3777 | D:5      | Reached XP level 6. HP: 20/42 MP: 6/6
  3977 | D:5      | Reached skill level 5 in Unarmed Combat
  4103 | D:5      | Noticed a wyvern
  4110 | D:5      | Killed a wyvern
  4178 | D:5      | Gained mutation: You have very sharp fingernails. [demonic
                  | ancestry]
  4178 | D:5      | Reached XP level 7. HP: 46/46 MP: 7/7
  4346 | D:5      | Reached skill level 5 in Armour
  4441 | D:5      | Reached skill level 6 in Unarmed Combat
  5245 | D:6      | Noticed a steam dragon
  5251 | D:6      | Killed a steam dragon
  5252 | D:6      | Reached skill level 6 in Armour
  5265 | D:6      | Gained mutation: You are partially covered in rugged brown
                  | scales. (AC +1, +3% HP) [demonic ancestry]
  5265 | D:6      | Reached XP level 8. HP: 15/53 MP: 8/8
  5540 | D:6      | Identified a scroll of acquirement
  5540 | D:6      | Acquired the +0 cloak of Yha Kam {Str+8 Int-4}
  5551 | D:6      | Reached skill level 7 in Unarmed Combat
  6234 | D:6      | You pick up a book of Vapours and begin reading...
  6234 | D:6      | You add the spells Poisonous Vapours and Corpse Rot to your
                  | library.
  6304 | D:6      | Found a staircase to the Ecumenical Temple.
  6337 | D:6      | Reached skill level 7 in Armour
  6639 | D:7      | Noticed Maggie
  6810 | D:7      | Gained mutation: You have hidden genetic potential. [potion
                  | of mutation]
  6810 | D:7      | Gained mutation: You possess an exceptional clarity of
                  | mind. [potion of mutation]
  6810 | D:7      | Gained mutation: Your body sometimes deteriorates upon
                  | taking damage. [potion of mutation]
  6810 | D:7      | Gained mutation: You have a pair of small antennae on your
                  | head. [potion of mutation]
  6818 | D:7      | Reached skill level 8 in Unarmed Combat
  6989 | D:7      | Killed Maggie
  6990 | D:7      | Gained mutation: You are mostly covered in rugged brown
                  | scales. (AC +2, +5% HP) [demonic ancestry]
  6990 | D:7      | Reached XP level 9. HP: 27/59 MP: 9/9
  7006 | D:7      | Reached skill level 8 in Armour
  7262 | D:7      | Noticed Duvessa
  7262 | D:7      | Noticed Dowan
  7268 | D:7      | Killed Duvessa
  7277 | D:7      | Killed Dowan
  7284 | D:7      | Gained mutation: You cannot train Dodging skill. [Ru
                  | sacrifice]
  7284 | D:7      | Reached **** piety under Ru
  7284 | D:7      | Reached ***** piety under Ru
  7345 | D:7      | Noticed Pikel
  7362 | D:7      | Killed Pikel
  7363 | D:7      | Reached skill level 9 in Unarmed Combat
  7367 | D:7      | Gained mutation: Your flesh is cold resistant. (rC+)
                  | [hidden potential]
  7585 | D:7      | Found a sacrificial altar of Ru.
  7605 | D:7      | Reached skill level 9 in Armour
  7757 | D:8      | Noticed a six-headed hydra
  7764 | D:8      | Killed a six-headed hydra
  7916 | D:8      | Reached XP level 10. HP: 66/66 MP: 10/10
  8083 | D:8      | Noticed a two-headed ogre
  8090 | D:8      | Killed a two-headed ogre
  8091 | D:8      | Reached skill level 10 in Unarmed Combat
  8214 | D:8      | You pick up a book of the Warp and begin reading...
  8214 | D:8      | You add the spells Dispersal and Disjunction to your
                  | library.
  8282 | D:8      | Noticed Psyche
  8296 | D:8      | Killed Psyche
  8297 | D:8      | Reached skill level 10 in Armour
  8488 | D:8      | Noticed Harold
  8586 | D:8      | You pick up a book of Dangerous Friends and begin
                  | reading...
  8586 | D:8      | You add the spells Summon Guardian Golem, Orb of
                  | Destruction and Spellforged Servitor to your library.
  8661 | D:8      | Killed Harold
  8776 | D:8      | Found a snail-covered altar of Cheibriados.
  9147 | D:9      | Noticed a two-headed ogre
  9149 | D:9      | Found a shimmering altar of Xom.
  9149 | D:9      | Found an iron altar of Okawaru.
  9150 | D:9      | Noticed a two-headed ogre
  9153 | D:9      | Killed a two-headed ogre
  9154 | D:9      | Reached skill level 4 in Fighting
  9158 | D:9      | HP: 16/69 [two-headed ogre/+0 giant club (24)]
  9159 | D:9      | Killed a two-headed ogre
  9160 | D:9      | Reached skill level 11 in Unarmed Combat
  9433 | D:9      | Found a radiant altar of Vehumet.
  9440 | D:9      | Found an ornate altar of the Wu Jian Council.
  9462 | D:9      | Noticed a two-headed ogre
  9492 | D:9      | HP: 15/69 [two-headed ogre/+0 giant spiked club (11)]
  9493 | D:9      | Killed a two-headed ogre
  9494 | D:9      | Reached skill level 5 in Fighting
  9494 | D:9      | Gained mutation: You regenerate a little health from kills.
                  | [demonic ancestry]
  9494 | D:9      | Reached XP level 11. HP: 17/76 MP: 5/11
  9932 | D:9      | Identified the +2 scale mail of Abboc {Fly rC++ Will+
                  | Slay-3}
  9962 | D:9      | Found a staircase to the Lair.
  9987 | D:10     | Entered Level 10 of the Dungeon
 10010 | D:10     | Found Ysusip's Jewellery Boutique.
 10069 | D:10     | You pick up a book of Debilitation and begin reading...
 10069 | D:10     | You add the spells Slow, Vampiric Draining and Confusing
                  | Touch to your library.
 10106 | D:10     | Gained mutation: Your casting is slightly disrupted. [Ru
                  | sacrifice]
 10158 | D:10     | Reached skill level 11 in Armour
 10405 | D:10     | Gained mutation: Your spells are a little harder to cast,
                  | but a little more powerful. [hidden potential]
 10405 | D:10     | Lost mutation: You have hidden genetic potential. [hidden
                  | potential expressed]
 10615 | D:10     | Reached skill level 6 in Fighting
 11599 | D:11     | You pick up a book of Storms and begin reading...
 11599 | D:11     | You add the spells Airstrike, Summon Lightning Spire and
                  | Lightning Bolt to your library.
 11637 | D:11     | Noticed a centaur warrior
 11655 | D:11     | Killed a centaur warrior
 11970 | D:9      | Found an ancient bone altar of Kikubaaqudgha.
 12182 | D:9      | Found a staircase to the Orcish Mines.
 12205 | D:9      | Found a broken altar of Ashenzari.
 12402 | Orc:1    | Entered Level 1 of the Orcish Mines
 12556 | Orc:2    | Entered Level 2 of the Orcish Mines
 12573 | Orc:2    | Noticed an orc sorcerer
 12573 | Orc:2    | Noticed an orc high priest
 12574 | Orc:2    | Found Neitiuts's Antique Armour Boutique.
 12578 | Orc:2    | Reached skill level 7 in Fighting
 12581 | Orc:2    | Killed an orc high priest
 12582 | Orc:2    | Reached skill level 12 in Unarmed Combat
 12584 | Orc:2    | Killed an orc sorcerer
 12693 | Orc:2    | Found Vastrunia's Jewellery Emporium.
 12706 | Orc:2    | Noticed an orc high priest
 12710 | Orc:2    | Noticed a sun demon
 12718 | Orc:2    | Killed an orc high priest
 12861 | Orc:2    | Noticed an orc warlord
 12903 | Orc:2    | Reached skill level 12 in Armour
 12943 | Orc:2    | HP: 9/80 [orc warlord/bolt (30)]
 12951 | Orc:2    | Slain by an orc warlord

Vanquished Creatures
  Harold (D:8)
  A hydra (D:8)
  A centaur warrior (D:11)
  4 two-headed ogres
  2 orc high priests (Orc:2)
  Pikel (D:7)
  An orc sorcerer (Orc:2)
  A gargoyle (D:10)
  Psyche (D:8)
  Maggie (D:7)
  2 komodo dragons
  3 trolls
  A centaur simulacrum (D:11)
  A shadow (D:10)
  2 wyverns
  A wraith (D:11)
  3 yaks (D:10)
  2 steam dragons
  A warg (Orc:2)
  Duvessa (D:7)
  An ice beast (D:6)
  A sky beast (D:7)
  14 orc warriors
  2 black bears (D:5)
  A necrophage (D:6)
  4 centaurs
  5 ogres
  A lemure (D:7)
  A phantom (D:5)
  A bullfrog (D:6)
  Dowan (D:7)
  20 killer bees
  8 wights
  3 howler monkeys (D:8)
  2 bullfrog zombies (D:7)
  4 centaur zombies
  6 hounds
  4 orc priests
  4 gnoll shamans
  A jelly (D:5)
  An iron imp (D:8)
  2 centaur skeletons
  4 orc wizards
  4 iguanas
  18 gnolls
  4 adders
  A shadow imp (D:8)
  3 worms
  2 dart slugs (D:1)
  23 orcs
  5 ball pythons
  3 endoplasms (D:2)
  3 giant cockroaches
  10 goblins
  6 hobgoblins
  4 jackals (D:5)
  3 kobolds
  3 quokkas
  10 bats
  2 frilled lizards
  6 rats
232 creatures vanquished.

Vanquished Creatures (others)
  An unseen horror (D:11)
  A sky beast (D:7)
  2 orcs (D:8)
  18 fungi
  5 plants (D:9)
27 creatures vanquished.

Grand Total: 259 creatures vanquished

Table legend:
 A = Non-vault XP
 B = Vault XP
 C = Vault XP percentage of total XP
 D = Non-vault monster count
 E = Vault monster count
 F = Vault count percentage of total count
                 A         B        C        D         E       F
            +---------+---------+-------+---------+---------+-------
      Total |   15370 |    6242 |  28.9 |     200 |      33 |  14.2
            +---------+---------+-------+---------+---------+-------
        D:1 |      33 |      10 |  23.3 |      17 |       2 |  10.5
        D:2 |      36 |       5 |  12.2 |      15 |       4 |  21.1
        D:3 |      39 |      36 |  48.0 |      11 |       1 |   8.3
        D:4 |     151 |      21 |  12.2 |      13 |       3 |  18.8
        D:5 |     831 |       0 |   0.0 |      18 |       0 |   0.0
        D:6 |    1176 |       0 |   0.0 |      25 |       0 |   0.0
        D:7 |    1017 |    1212 |  54.4 |      14 |       4 |  22.2
        D:8 |    2342 |    1534 |  39.6 |      23 |       5 |  17.9
        D:9 |    3691 |     375 |   9.2 |      21 |       2 |   8.7
       D:10 |    2979 |       0 |   0.0 |      28 |       0 |   0.0
       D:11 |    1955 |       0 |   0.0 |       5 |       0 |   0.0
      Orc:1 |     253 |       0 |   0.0 |       4 |       0 |   0.0
      Orc:2 |     867 |    3049 |  77.9 |       6 |      12 |  66.7
            +---------+---------+-------+---------+---------+-------

Illustrated notes

Table legend:
 A = Kills in this place as a percentage of kills in entire the game.
 B = Kills by you in this place as a percentage of kills by you in the entire game.
 C = Kills by friends in this place as a percentage of kills by friends in the entire game.
 D = Other kills in this place as a percentage of other kills in the entire game.
 E = Experience gained in this place as a percentage of experience gained in the entire game.
 F = Experience gained in this place divided by the number of levels of this place that you have seen.
                   A       B       C       D       E      F
               +-------+-------+-------+-------+-------+----------------------
         Total | 100.0 | 100.0 |   N/A | 100.0 | 100.0 | 1662.5
       Dungeon |  90.6 |  90.5 |   N/A | 100.0 |  80.7 | 1585.7
  Orcish Mines |   9.4 |   9.5 |   N/A |   0.0 |  19.3 | 2084.5
               +-------+-------+-------+-------+-------+----------------------

Table legend: (Time is in decaauts)
 A = Elapsed time spent in this place.
 B = Non-inter-level travel time spent in this place.
 C = Inter-level travel time spent in this place.
 D = Time resting spent in this place.
 E = Time spent auto-exploring this place.
 F = Levels seen in this place.
 G = Mean time per level.
                   A        B        C        D        E       F      G
               +--------+--------+--------+--------+--------+-----+--------+
         Total |  12890 |  12405 |    485 |   2543 |   8223 |  13 |  991.5 |
       Dungeon |  12350 |  11881 |    469 |   2381 |   7991 |  11 | 1122.7 |
  Orcish Mines |    540 |    524 |     16 |    162 |    232 |   2 |  270.0 |
               +--------+--------+--------+--------+--------+-----+--------+

Top non-repeatable levels by time:
     D:6: 1713 daAuts
     D:5: 1469 daAuts
     D:9: 1449 daAuts
    D:10: 1440 daAuts
     D:8: 1390 daAuts
     D:1: 1195 daAuts
     D:7: 952 daAuts
     D:4: 910 daAuts
     D:3: 817 daAuts
     D:2: 688 daAuts
   Orc:2: 387 daAuts
    D:11: 324 daAuts
   Orc:1: 152 daAuts
